 Dungeon Crawl Stone Soup version 0.14-a0-586-g2535b90 (webtiles) character file.

467 Null200 the Ducker (level 6, -7/62 HPs)
             Began as a Troll Fighter on Nov 3, 2013.
             Mangled by Pikel
             ... wielding a +1,+0 whip of electrocution
              (16 damage)
             ... on Level 4 of the Dungeon.
             The game lasted 00:19:58 (2467 turns).

Null200 the Ducker (Troll Fighter)                  Turns: 2467, Time: 00:20:00

HP  -7/62        AC  6     Str 26      XL: 6   Next: 24%
MP   2/2         EV 10     Int  7      God:
Gold 140         SH  0     Dex 10      Spells:  0 memorised,  5 levels left

Res.Fire  : . . .   See Invis. : .   C - +0 giant club
Res.Cold  : . . .   Warding    : .   b - +0 robe
Life Prot.: . . .   Conserve   : .   (shield restricted)
Res.Poison: .       Res.Corr.  : .   i - +0 wizard hat
Res.Elec. : .       Clarity    : +   o - +0 cloak
Sust.Abil.: . .     Spirit.Shd : .   (gloves unavailable)
Res.Mut.  : .       Stasis     : .   (boots unavailable)
Res.Rott. : .       Flight     : .   n - amulet of clarity
Gourmand  : +                        (no ring)
                                     B - +3 ring of intelligence

@: slightly resistant to hostile enchantments, unstealthy
A: unfitting armour, claws 3, fast metabolism 3, gourmand, regeneration 2,
saprovore 2, tough skin 2, AC +1
a: no special abilities


You were on level 4 of the Dungeon.
You were hungry.

You visited 1 branch of the dungeon, and saw 4 of its levels.

You collected 140 gold pieces.

Inventory:

Hand weapons
 e - a +1,+0 elven dagger
 C - a +0,+0 giant club (weapon)
Missiles
 w - 2 tomahawks of returning (quivered)
 y - 8 steel javelins
Armour
 b - a +0 robe (worn)
 c - a +0 shield
 i - a +0 wizard hat (worn)
 o - a +0 cloak (worn)
Magical devices
 l - a wand of flame (10) {unknown}
Comestibles
 a - 4 meat rations
 p - a bread ration
Scrolls
 g - 3 scrolls of remove curse
 j - 2 scrolls of fog {unknown}
 m - a scroll of enchant weapon I
 r - 3 scrolls of teleportation {unknown}
 t - a scroll of magic mapping {unknown}
 u - 2 scrolls of curse jewellery {unknown}
 x - 3 scrolls of fear
Jewellery
 n - an amulet of clarity (around neck)
 s - an uncursed ring of teleportation
 A - an uncursed ring of sustain abilities {unknown}
 B - a +3 ring of intelligence (left claw)
Potions
 h - a potion of magic


   Skills:
 + Level 3.6 Fighting
 + Level 2.1 Maces & Flails
 + Level 3.7 Dodging
 - Level 0.2 Stealth
   Level 3.5 Shields
 - Level 2.0 Unarmed Combat


You had 5 spell levels left.
You didn't know any spells.

Dungeon Overview and Level Annotations

Branches:
Dungeon (4/27)
 Temple: D:4-7

Altars:

Annotations:
D:4 Pikel


Innate Abilities, Weirdness & Mutations

You are too large for most types of armour.
You have claws for hands.
Your metabolism is lightning-fast.
You like to eat raw meat.
You heal very quickly.
You can eat rotten meat.
You are covered in fur (AC +1).
You have very tough skin (AC +2).


Message History

Drink which item? (? for menu, Esc to quit)
It has a very clean taste.
It was a potion of cure mutation.
Pikel completely misses you.
Drink which item? (? for menu, Esc to quit)
This tastes like blood.
It was a potion of blood.
Pikel hits you with a whip of electrocution.
* * * LOW HITPOINT WARNING * * *
Drink which item? (? for menu, Esc to quit)
Okay, then.
Throwing (i - inventory. (,) - cycle):
w - 3 tomahawks of returning (quivered)
Press: ? - help, Shift-Dir - straight line, f - Pikel
Aim: Pikel, wielding a whip of electrocution and wearing a robe (severely wounded)
You throw a tomahawk of returning. The tomahawk of returning misses Pikel.
The tomahawk of returning hits the slave.
The slave is lightly wounded.
The tomahawk of returning fails to return to your pack!
Pikel hits you with a whip of electrocution.
* * * LOW HITPOINT WARNING * * *
You are electrocuted!
You die...

.# .# ## ## .# .# .# ###
'## ############@.....
..######........@K@@.....
..#......##########@.....
..'.###### ... ..### .
..# ..# ###


You could see Pikel and 4 slaves.

Vanquished Creatures
  An ogre (D:4)
  The ghost of Malachi the Ruinous, an average NaCj (D:4)
  An orc priest (D:3)
  An orc wizard (D:4)
  4 adders (D:2)
  A worm (D:3)
  2 giant geckos
  3 oozes (D:1)
  5 orcs
  4 giant cockroaches
  10 goblins
  10 hobgoblins
  7 kobolds
  A quokka (D:3)
  3 ball pythons
  6 bats
  2 giant newts
  8 rats
70 creatures vanquished.

Notes
Turn   | Place    | Note
--------------------------------------------------------------
     0 | D:1      | Null200, the Troll Fighter, began the quest for the Orb.
     0 | D:1      | Reached XP level 1. HP: 23/23 MP: 0/0
   164 | D:1      | Reached XP level 2. HP: 31/31 MP: 0/0
   518 | D:1      | Reached XP level 3. HP: 37/39 MP: 1/1
   760 | D:2      | Reached skill level 3 in Dodging
  1252 | D:2      | Reached XP level 4. HP: 43/46 MP: 1/1
  1729 | D:3      | Reached skill level 1 in Maces & Flails
  1729 | D:3      | Reached XP level 5. HP: 24/53 MP: 1/1
  2320 | D:4      | Noticed an ogre
  2328 | D:4      | Killed an ogre
  2386 | D:4      | Reached XP level 6. HP: 31/62 MP: 2/2
  2416 | D:4      | Noticed Malachi's ghost (average NaCj)
  2424 | D:4      | Killed Malachi's ghost
  2454 | D:4      | Noticed Pikel
  2455 | D:4      | Noticed a slave
  2456 | D:4      | Noticed a slave
  2456 | D:4      | Noticed a slave
  2457 | D:4      | Noticed a slave
  2467 | D:4      | Mangled by Pikel

Action                   |  1- 3 |  4- 6 || total
-------------------------+-------+-------++-------
Melee: Dagger            |   139 |       ||   139
       Unarmed           |     7 |       ||     7
       Whip              |    31 |       ||    31
       Short sword       |    19 |       ||    19
       Mace              |     1 |    29 ||    30
       Flail             |       |    59 ||    59
       Giant club        |       |    38 ||    38
Throw: Tomahawk          |       |     1 ||     1
  Use: Scroll            |     5 |     2 ||     7
       Potion            |     1 |     7 ||     8
 Stab: Sleeping          |       |     1 ||     1
